 Dungeon Sprint DCSS version 0.30.0-29-ga12c61a403 (webtiles) character file.

Game seed: 14772296182849468631

298 Groucho the Blocker (level 6, -13/51 HPs)
             Began as a Gnoll Wanderer on June 14, 2023.
             Was a Believer of Cheibriados.
             Mangled by a shadow (29 damage)
             ... in the Dungeon (Sprint IX: "|||||||||||||||||||||||||||||").
             The game lasted 00:02:46 (633 turns).

Groucho the Blocker (Gnoll Wanderer)                 Turns: 633, Time: 00:02:46

Health: -13/51     AC: 14    Str: 14    XL:     6   Next: 36%
Magic:  14/14      EV: 12    Int: 16    God:    Cheibriados [**....]
Gold:   0          SH:  9    Dex: 21    Spells: 16/16 levels left

rFire   . . .        n - +2 morningstar (heavy)
rCold   . . .        e - +2 buckler
rNeg    . . .        r - +1 scale mail
rPois   .            (no helmet)
rElec   .            b - +0 cloak
rCorr   .            q - +0 pair of gloves
SInv    .            p - +0 pair of boots
Will    .....        (no amulet)
Stlth   ++           d - +3 ring of dexterity
HPRegen 0.28/turn    s - +2 ring of protection
MPRegen 0.14/turn

%: no teleportation
@: very slow
A: fangs 1, strong nose, distributed training
a: Renounce Religion, Bend Time


You were in the Dungeon.
You worshipped Cheibriados.
Cheibriados was pleased with you.
You visited 1 branch

Inventory:

Hand Weapons
 a - a +3 heavy war axe
 n - a +2 heavy morningstar (weapon)
 o - a +2 scimitar of flaming
Armour
 b - a +0 cloak (worn)
 e - a +2 buckler (worn)
 p - a +0 pair of boots (worn)
 q - a +0 pair of gloves (worn)
 r - a +1 scale mail (worn)
Jewellery
 d - a +3 ring of dexterity (left hand)
 s - a +2 ring of protection (right hand)
Wands
 m - a wand of roots (10)
Scrolls
 c - a scroll of fear
 k - 2 scrolls of blinking
 l - 2 scrolls of amnesia
Potions
 f - 3 potions of curing
 g - a potion of heal wounds
 h - a potion of haste
 i - 4 potions of magic
 j - a potion of invisibility


   Skills:
 + Level 5.3 Fighting
 + Level 4.6 Short Blades
 + Level 4.6 Long Blades
 + Level 4.6 Axes
 + Level 4.6 Maces & Flails
 + Level 4.6 Polearms
 + Level 4.6 Staves
 + Level 4.6 Ranged Weapons
 + Level 4.6 Throwing
 + Level 5.3 Armour
 + Level 5.3 Dodging
 + Level 5.2 Stealth
 + Level 9.7 Shields
 + Level 4.6 Unarmed Combat
 + Level 5.5 Spellcasting
 + Level 4.4 Conjurations
 + Level 3.8 Hexes
 + Level 3.8 Summonings
 + Level 3.8 Necromancy
 + Level 3.8 Translocations
 + Level 3.8 Transmutations
 + Level 3.8 Fire Magic
 + Level 3.8 Ice Magic
 + Level 3.8 Air Magic
 + Level 3.8 Earth Magic
 + Level 3.8 Poison Magic
 + Level 5.1 Invocations
 + Level 4.6 Evocations


You had 16 spell levels left.
You didn't know any spells.
Your spell library contained the following spells:

 Spells                   Type           Power      Damage    Failure   Level
 Searing Ray              Conj           36%        2d5       17%         2
 Static Discharge         Conj/Air       34%        2-4/arc   19%         2


Dungeon Overview and Level Annotations

Branches:
Dungeon (1/1)

Altars:
Cheibriados
Dithmenos
Elyvilon
Fedhas
Gozag
Hepliaklqana
Kikubaaqudgha
Makhleb
Nemelex Xobeh
Okawaru
Qazlal
Ru
Sif Muna
Trog
Uskayaw
Vehumet
Wu Jian
Xom
Yredelemnul
Zin
The Shining One
Jiyva
Lugonu


Innate Abilities, Weirdness & Mutations

You have very sharp teeth.
Your uncanny sense of smell can sniff out nearby items.
Your experience applies equally to all skills.


Message History

The shadow is severely damaged.
The shadow hits you.
Unknown command.
You hit the shadow.
The shadow is almost destroyed.
The shadow hits you. The shadow barely misses you.
You closely miss the shadow. You bite the shadow.
The shadow is almost destroyed.
The shadow hits you.
The shadow slips into darkness.
The shadow flickers and vanishes!
Deactivating autopickup; reactivate with Ctrl-A.
Unknown command.
Unknown command.
You miss something. Your bite misses something.
The shadow strikes at you from the darkness! x2
Reactivating autopickup.
Unknown command.
You hit the shadow but do no damage.
The shadow is almost destroyed.
The shadow slips into darkness.
The shadow flickers and vanishes!
Deactivating autopickup; reactivate with Ctrl-A.
The shadow strikes at you from the darkness!
* * * LOW HITPOINT WARNING * * *
Reactivating autopickup.
Unknown command.
Unknown command.
You closely miss the shadow.
The shadow is almost destroyed.
You block the shadow's attack.
The shadow slips into darkness.
The shadow flickers and vanishes!
Deactivating autopickup; reactivate with Ctrl-A.
Unknown command.
Unknown command.
You barely miss something.
The shadow strikes at you from the darkness!
Ouch! That really hurt!
You die...

▓▓▓▓▓▓▓▓▓▓▓▓▓▓▓▓▓▓▓▓▓▓▓▓
_______'..)...[.@{yo....
▓▓▓▓▓▓▓▓▓▓▓▓▓▓▓▓▓▓▓▓▓▓▓▓
∆∆∆∆ ∆ ∆


You could see an orc warrior and a killer bee.

Vanquished Creatures
  An ogre (D)
  A scorpion (D)
  3 killer bees (D)
  2 adders (D)
  A goblin (D)
  A jackal (D)
  A quokka (D)
  A ball python (D)
  2 kobolds (D)
13 creatures vanquished.

Notes
Turn   | Place    | Note
-------+----------+-------------------------------------------
     0 | D        | Groucho the Gnoll Wanderer began the quest for the Orb.
     0 | D        | Groucho set off with the following items: a +0 dagger, a +0
                  | cloak, a scroll of fear, a +0 robe, a +2 buckler, a potion
                  | of curing, a potion of heal wounds, a potion of haste, 2
                  | potions of magic, a potion of berserk rage, a scroll of
                  | blinking; and the following spells available to memorise:
                  | Searing Ray, Static Discharge.
     0 | D        | Reached XP level 1. HP: 17/17 MP: 4/4
    26 | D        | Reached skill level 1 in Invocations
    33 | D        | Reached skill level 1 in Short Blades
    33 | D        | Reached skill level 1 in Long Blades
    33 | D        | Reached skill level 1 in Axes
    33 | D        | Reached skill level 1 in Maces & Flails
    33 | D        | Reached skill level 1 in Polearms
    33 | D        | Reached skill level 1 in Staves
    33 | D        | Reached skill level 1 in Ranged Weapons
    33 | D        | Reached skill level 1 in Throwing
    33 | D        | Reached skill level 1 in Unarmed Combat
    33 | D        | Reached skill level 1 in Evocations
   138 | D        | Noticed a scorpion
   138 | D        | Noticed an ogre
   142 | D        | Reached skill level 1 in Hexes
   142 | D        | Reached skill level 1 in Summonings
   142 | D        | Reached skill level 1 in Necromancy
   142 | D        | Reached skill level 1 in Translocations
   142 | D        | Reached skill level 1 in Transmutations
   142 | D        | Reached skill level 1 in Fire Magic
   142 | D        | Reached skill level 1 in Ice Magic
   142 | D        | Reached skill level 1 in Air Magic
   142 | D        | Reached skill level 1 in Earth Magic
   142 | D        | Reached skill level 1 in Poison Magic
   142 | D        | Reached XP level 2. HP: 23/23 MP: 6/6
   143 | D        | Killed a scorpion
   144 | D        | Reached skill level 9 in Shields
   144 | D        | Reached XP level 3. HP: 30/30 MP: 8/8
   144 | D        | Reached XP level 4. HP: 37/37 MP: 9/9
   159 | D        | Killed an ogre
   160 | D        | Reached XP level 5. HP: 29/43 MP: 10/12
   484 | D        | Found a snail-covered altar of Cheibriados.
   484 | D        | Found a shadowy altar of Dithmenos.
   484 | D        | Found a white marble altar of Elyvilon.
   484 | D        | Found a blossoming altar of Fedhas.
   484 | D        | Found an opulent altar of Gozag.
   485 | D        | Found a hazy altar of Hepliaklqana.
   486 | D        | Found a viscous altar of Jiyva.
   487 | D        | Found an ancient bone altar of Kikubaaqudgha.
   488 | D        | Found a corrupted altar of Lugonu.
   489 | D        | Found a burning altar of Makhleb.
   490 | D        | Found a sparkling altar of Nemelex Xobeh.
   491 | D        | Found an iron altar of Okawaru.
   492 | D        | Found a stormy altar of Qazlal.
   493 | D        | Found a sacrificial altar of Ru.
   494 | D        | Found a shimmering blue altar of Sif Muna.
   495 | D        | Found a bloodstained altar of Trog.
   496 | D        | Found a hide-covered altar of Uskayaw.
   497 | D        | Found a radiant altar of Vehumet.
   498 | D        | Found an ornate altar of the Wu Jian Council.
   499 | D        | Found a shimmering altar of Xom.
   512 | D        | Became a worshipper of Cheibriados the Contemplative
   525 | D        | Found a basalt altar of Yredelemnul.
   526 | D        | Found a glowing silver altar of Zin.
   527 | D        | Found a glowing golden altar of the Shining One.
   599 | D        | Noticed a shadow
   599 | D        | Noticed an orc warrior
   614 | D        | Reached skill level 5 in Spellcasting
   619 | D        | Reached * piety under Cheibriados
   620 | D        | Reached skill level 5 in Fighting
   620 | D        | Reached skill level 5 in Armour
   620 | D        | Reached skill level 5 in Dodging
   620 | D        | Reached skill level 5 in Stealth
   620 | D        | Reached XP level 6. HP: 20/51 MP: 13/13
   626 | D        | Reached ** piety under Cheibriados
   627 | D        | Reached skill level 5 in Invocations
   633 | D        | Mangled by a shadow

Illustrated notes

Levels and vault maps discovered:
D:        linesprint [early_d, line_temple, items_1, d_10, items_2, lair_1,
          lair_end, items_3, orc_1, orc_end, items_4, d_15, swamp_1, shoals_1,
          snake_1, spider_1, d_20, vaults_1, items_5, swamp_end, shoals_end,
          snake_end, spider_end, vaults_end, d_27, items_6, zot_1, zot_end,
          crypt_end, forest_end, elf_end, slime_end, tomb_end, abyss_end,
          pan_hell_end]

Skill      XL: |  1  2  3  4  5  6 |
---------------+-------------------+-----
Conjurations   | 2 3 4 |  4.4
Invocations    | 1 2 4 5 |  5.1
Short Blades   | 1 2 3 4 |  4.6
Long Blades    | 1 2 3 4 |  4.6
Axes           | 1 2 3 4 |  4.6
Maces & Flails | 1 2 3 4 |  4.6
Polearms       | 1 2 3 4 |  4.6
Staves         | 1 2 3 4 |  4.6
Ranged Weapons | 1 2 3 4 |  4.6
Throwing       | 1 2 3 4 |  4.6
Unarmed Combat | 1 2 3 4 |  4.6
Evocations     | 1 2 3 4 |  4.6
Spellcasting   | 3 4 5 |  5.5
Hexes          | 1 2 3 |  3.8
Summonings     | 1 2 3 |  3.8
Necromancy     | 1 2 3 |  3.8
Translocations | 1 2 3 |  3.8
Transmutations | 1 2 3 |  3.8
Fire Magic     | 1 2 3 |  3.8
Ice Magic      | 1 2 3 |  3.8
Air Magic      | 1 2 3 |  3.8
Earth Magic    | 1 2 3 |  3.8
Poison Magic   | 1 2 3 |  3.8
Fighting       | 3 4 5 |  5.3
Armour         | 3 4 5 |  5.3
Dodging        | 3 4 5 |  5.3
Stealth        | 3 4 5 |  5.2
Shields        | 9 |  9.7

Action                     |  1- 3 |  4- 6 || total
---------------------------+-------+-------++-------
  Melee: Dagger            |    32 |    16 ||    48
         Bite              |     5 |     5 ||    10
         Morningstar       |       |    30 ||    30
    Use: Potion            |     1 |     4 ||     5
 Armour: Robe              |     7 |       ||     7
         Scale mail        |       |    26 ||    26
  Dodge: Dodged            |    14 |    27 ||    41
  Block: Buckler           |    11 |    42 ||    53
